Map: Abyssal Reef LE

Players

SpeCIaL - Winner!

  • Race: Terran Terran
  • Spawn Location: 11:00

Snute

  • Race: Zerg Zerg
  • Spawn Location: 5:00

Event: WCS Jonkoping 2017

VOD

Have the link to the VOD?

Description

Time

  • Played on: June 17, 2017, 1:40 p.m.
  • Length: 18:17

All games in this series

Show
View Real Time Build Order
Export as new Build Order

SpeCIaL Terran - Winner!

Build Orders: Reaper Expand, Bio Tank 

Get SALT Encoding   

  12  0:00  SCV  
  13  0:12  SCV  
  14  0:17  Supply Depot  
  14  0:25  SCV  
  15  0:29  Refinery  
  15  0:39  SCV  
  16  0:44  Barracks  
  16  0:51  SCV  
  17  1:03  SCV  
  18  1:15  SCV  
  19  1:31  Orbital Command  
  19  1:32  Reaper  
  20  1:42  Command Center  
  20  1:54  Factory  
  20  1:57  SCV  
  21  2:08  Barracks Reactor  
  21  2:09  SCV  
  21  2:12  Supply Depot  
  21  2:15  Refinery  
  22  2:22  SCV  
  23  2:34  SCV  
  24  2:42  Starport  
  24  2:46  SCV  
  25  2:52  Hellion x2  
  25  2:53  Marine  
  30  2:58  SCV  
  31  3:11  SCV  
  31  3:12  Orbital Command  
  32  3:13  Barracks Tech Lab  
  32  3:15  Widow Mine x2  
  32  3:19  Medivac  
  38  3:23  SCV  
  39  3:28  Supply Depot  
  39  3:38  SCV x2  
  41  3:46  Hellion x2  
  45  3:50  SCV x2  
  47  3:58  Supply Depot  
  47  3:59  Raven  
  47  4:02  SCV x2  
  51  4:14  SCV x2  
  51  4:15  Barracks Tech Lab  
  53  4:17  Command Center  
  53  4:26  SCV x2  
  55  4:34  Marine  
  56  4:38  SCV  
  56  4:39  Stimpack, SCV  
  56  4:40  Supply Depot  
  56  4:41  Barracks  
  57  4:49  Factory Reactor  
  57  4:50  SCV  
  57  4:51  SCV  
  57  4:52  Marine  
  56  4:53  Barracks  
  56  4:59  Starport Reactor  
  56  5:03  SCV x2  
  58  5:08  Engineering Bay  
  58  5:09  Engineering Bay  
  58  5:10  Marine  
  59  5:15  SCV x2  
  59  5:16  Refinery  
  59  5:17  Refinery  
  61  5:27  SCV, Marine  
  61  5:29  Marine  
  61  5:30  Marine  
  61  5:33  Orbital Command  
  61  5:34  SCV  
  61  5:35  Terran Infantry Armor Level 1, Terran Infantry Weapons Level 1  
  56  5:42  Barracks  
  59  5:44  Medivac  
  59  5:45  Marine, Medivac  
  59  5:46  Barracks  
  59  5:47  Marine x2  
  59  5:48  SCV x2  
  65  5:58  Marine x2  
  65  5:59  Siege Tank, Orbital Command  
  65  6:02  SCV  
  65  6:03  SCV, Marine  
  73  6:05  Marine  
  73  6:11  Supply Depot  
  74  6:12  Marine  
  74  6:15  SCV x2, Marine, Supply Depot  
  74  6:16  Marine  
  79  6:21  Marine  
  79  6:23  Marine  
  79  6:24  SCV  
  82  6:27  SCV x2  
  82  6:30  Marine  
  89  6:32  Siege Tank  
  89  6:33  Marine  
  89  6:34  Barracks Reactor x2  
  89  6:36  SCV  
  89  6:37  Refinery  
  89  6:39  SCV x2, Combat Shields  
  92  6:41  Armory  
  92  6:43  Marine x2, Refinery  
  94  6:47  Marine  
  94  6:49  SCV  
  94  6:51  SCV  
  94  6:52  SCV  
  98  7:02  Marine, Medivac  
  98  7:06  Marine  
  101  7:11  Supply Depot x2  
  101  7:16  Factory  
  101  7:18  Siege Tank, Marine x2, SCV x3  
  109  7:32  Marauder, Marine x5, Medivac, SCV x2  
  109  7:33  SCV  
  109  7:34  Marine  
  109  7:36  Marine  
  123  7:40  Marine  
  124  7:45  Command Center  
  124  7:50  Marine  
  125  7:53  Supply Depot  
  125  7:54  Supply Depot  
  125  8:01  Factory Tech Lab  
  125  8:02  Supply Depot  
  125  8:07  Supply Depot  
  125  8:08  Marine, Supply Depot  
  125  8:09  Marauder, Marine x4, Medivac  
  125  8:10  Marine, SCV  
  125  8:12  Marine  
  133  8:13  Marine  
  133  8:14  Siege Tank  
  138  8:20  Terran Infantry Armor Level 2, Terran Infantry Weapons Level 2  
  138  8:24  Terran Vehicle Weapons Level 1  
  138  8:26  Marine  
  138  8:27  Marine x2  
  137  8:28  Marine  
  137  8:29  Marine  
  137  8:30  Marine x2  
  137  8:33  Siege Tank  
  145  8:37  Marine  
  145  8:38  Marine  
  145  8:40  Medivac  
  148  8:44  Marine x2  
  148  8:45  Marine  
  148  8:47  Siege Tank  
  154  8:49  Marine  
  154  8:54  Marine  
  156  8:55  Marine  
  156  8:56  Barracks  
  156  8:57  Marine, Barracks  
  156  8:58  Marine  
  159  9:04  SCV x3  
  159  9:05  Siege Tank  
  159  9:09  Planetary Fortress  
  165  9:14  Marine x2  
  165  9:15  Liberator, Marine x2, Marauder  
  171  9:17  Liberator, Marine x2  
  171  9:20  Marine x2  
  175  9:30  Siege Tank  
  178  9:31  Supply Depot  
  178  9:32  Marine  
  185  9:42  Marine  
  185  9:43  Marauder  
  179  9:51  Marine x2  
  179  9:52  Marine x2  
  159  9:54  Marine  
  159  9:56  Siege Tank  
  159  9:57  Liberator  
  159  9:59  Marine  
  158  10:00  Barracks Tech Lab  
  158  10:04  Marauder  
  150  10:09  Marine x4  
  150  10:10  Barracks Tech Lab  
  154  10:15  Siege Tank  
  154  10:17  Medivac  
  154  10:20  Marine x3  
  163  10:22  Command Center  
  163  10:26  Marauder  
  163  10:27  SCV x2  
  167  10:29  Marauder  
  140  10:43  Marauder, Marine x2  
  140  10:44  Marine  
  140  10:46  Marine x3  
  140  10:47  Marauder  
  140  10:48  Siege Tank  
  140  10:49  Siege Tank  
  136  10:51  Marauder, Marine, Medivac  
  136  10:52  Marine  
  136  10:53  Concussive Shells  
  142  10:57  Terran Infantry Weapons Level 3, Medivac  
  142  11:01  Marine x3  
  142  11:03  Marine  
  142  11:04  Marine  
  148  11:05  Marauder  
  148  11:06  Marine  
  148  11:08  Marauder  
  148  11:09  Marine  
  155  11:12  Marauder  
  155  11:14  Marine  
  155  11:18  Marine  
  155  11:20  Starport, Terran Infantry Armor Level 3  
  155  11:25  SCV x3  
  162  11:26  Marauder  
  162  11:27  Marine, Refinery x2  
  162  11:29  Marine x2  
  162  11:31  Marine x3  
  164  11:32  Medivac  
  164  11:33  Medivac, Widow Mine x2  
  164  11:34  Marine  
  164  11:37  SCV  
  174  11:40  Marine  
  174  11:41  Marauder, Marine  
  174  11:45  Marine  
  177  11:54  Marine x3  
  171  12:01  Marine x2  
  171  12:02  Marauder x2, Marine x2  
  171  12:06  Marine, Starport  
  171  12:07  Marauder  
  182  12:09  Starport Reactor, Widow Mine x2  
  182  12:12  Marine x3  
  189  12:19  Marine x2  
  189  12:22  Marine  
  189  12:23  Marauder, Marine, Orbital Command  
  189  12:24  Marauder, Marine  
  189  12:28  Marauder  
  197  12:30  Marine  
  197  12:33  Marine x2  
  192  12:45  Marauder x2  
  192  12:47  Marine  
  192  12:49  Marauder, Marine  
  192  12:51  Viking x2  
  199  12:53  Starport Tech Lab  
  199  12:57  Starport  
  194  13:01  Marine  
  171  13:06  Marauder x2, Marine  
  171  13:07  Marine x4  
  171  13:08  Marine x2  
  171  13:10  Marine  
  177  13:16  Viking x2  
  177  13:18  Viking  
  177  13:19  Marine  
  184  13:20  Viking  
  184  13:21  Viking  
  184  13:24  Marine x2  
  184  13:25  Marine x3  
  184  13:26  Marine x2  
  195  13:27  Marauder  
  195  13:28  Marauder, Marine  
  198  13:37  Marine  
  199  13:42  Marine  
  199  13:46  Viking  
  196  13:49  Viking x2  
  196  13:51  Marine  
  196  13:52  Marine  
  196  13:53  Marine  
  196  13:58  Marine  
  196  13:59  Marauder, Marine x3  
  196  14:00  Viking  
  199  14:08  Marauder, Marine x2  
  193  14:13  Terran Ship Weapons Level 1  
  193  14:14  Command Center  
  193  14:16  Marine  
  194  14:20  Marauder  
  194  14:23  Marine  
  192  14:24  Marine x2  
  192  14:26  Marauder  
  192  14:29  Marine  
  192  14:30  Marauder  
  190  14:32  Medivac  
  190  14:33  Medivac  
  190  14:34  Marine  
  190  14:36  Marine  
  190  14:37  Marine  
  190  14:38  Marine  
  171  14:42  Marauder, Marine  
  171  14:43  Marine  
  171  14:44  Marine  
  154  14:47  Marine  
  154  14:48  Marauder  
  154  14:51  Marauder  
  154  14:52  Marine  
  142  14:54  Marine x2  
  142  14:56  Marine  
  142  14:59  Marine, Medivac  
  127  15:00  Medivac  
  142  15:03  Marauder, Barracks  
  142  15:05  Barracks  
  147  15:08  Marine  
  147  15:09  Marauder  
  147  15:10  Marine  
  147  15:13  Marauder  
  153  15:18  Marine  
  153  15:19  Marine  
  154  15:21  Marine  
  154  15:24  Marauder  
  150  15:31  Marauder  
  150  15:32  Marine x2  
  150  15:34  Marauder  
  136  15:37  Marine  
  136  15:38  Marine x2  
  136  15:39  Marine x3  
  136  15:42  Orbital Command  
  142  15:46  Marauder  
  144  15:50  Siege Tank, Marine x2  
  144  15:52  Marauder  
  144  15:55  Marauder, Marine  
  144  15:56  Marine  
  154  15:58  Marine x2  
  154  16:00  Marine  
  156  16:05  Marine  
  156  16:06  Marine  
  156  16:07  Marauder  
  156  16:09  Siege Tank  
  163  16:13  Marauder  
  163  16:17  Marauder  
  167  16:21  Medivac x2  
  164  16:29  Marauder, Marine  
  164  16:30  Marine  
  157  16:34  Medivac x2  
  157  16:35  Marauder, Marine  
  157  16:38  Marauder  
  157  16:39  Marine  
  152  16:45  Marine x4  
  152  16:46  Marine x2  
  139  16:49  Orbital Command  
  139  16:50  Marauder  
  139  16:51  Siege Tank x2  
  143  16:55  Marine x3  
  143  16:56  Marauder, Marine  
  143  16:57  Medivac x2  
  143  16:59  Medivac x2  
  143  17:00  Marauder  
  153  17:03  Marine x2  
  153  17:07  Marine x2  
  148  17:11  Marauder  
  148  17:13  Marine  
  148  17:15  Marine  
  151  17:17  Marauder, Medivac x2  
  151  17:20  Marine  
  151  17:21  Marauder  
  151  17:22  Command Center  
  156  17:23  Marine x2  
  156  17:24  Barracks Tech Lab x2  
  156  17:25  Marine x2  
  156  17:27  Medivac  
  161  17:32  Marine  
  161  17:33  Marauder, Marine  
  161  17:34  Marine  
  166  17:39  Siege Tank x2, Marauder, Marine  
  166  17:42  Marauder, Missile Turret  
  177  17:49  Marine  
  177  17:50  Marauder  
  180  17:54  Marauder  
Show
View Real Time Build Order
Export as new Build Order

Snute Zerg 

Build Orders: Pool First 

Get SALT Encoding   

  12  0:00  Drone  
  13  0:12  Overlord  
  13  0:16  Drone  
  14  0:30  Drone x2  
  14  0:34  Drone  
  17  0:44  Spawning Pool  
  17  0:48  Drone  
  17  1:09  Hatchery  
  17  1:11  Drone  
  17  1:14  Drone  
  17  1:16  Extractor  
  17  1:21  Drone  
  18  1:30  Queen  
  18  1:32  Zergling x2  
  21  1:39  Overlord  
  21  1:49  Drone  
  22  2:00  Drone  
  23  2:06  Queen  
  25  2:10  Drone  
  25  2:15  Metabolic Boost  
  26  2:20  Queen  
  26  2:22  Drone  
  29  2:23  Drone  
  30  2:33  Drone  
  30  2:34  Drone  
  32  2:38  Drone x3  
  32  2:42  Drone  
  36  2:50  Overlord  
  35  3:03  Overlord  
  35  3:04  Hatchery, Drone  
  35  3:09  Zergling x4  
  37  3:16  Drone x3  
  37  3:17  Drone x2  
  37  3:18  Drone  
  43  3:24  Queen  
  45  3:27  Overlord  
  45  3:32  Drone x2  
  47  3:36  Queen  
  49  3:45  Zergling x2  
  51  3:48  Zergling x2  
  51  3:50  Drone x3  
  51  3:52  Drone x4  
  58  3:57  Drone  
  58  3:58  Overlord  
  59  4:05  Overlord  
  59  4:11  Evolution Chamber, Extractor  
  59  4:13  Roach Warren, Drone  
  59  4:16  Spore Crawler  
  56  4:17  Spore Crawler  
  56  4:19  Zergling x2  
  56  4:20  Zergling x4  
  58  4:28  Drone  
  58  4:29  Drone x2  
  55  4:33  Drone  
  55  4:34  Drone  
  57  4:39  Drone x2  
  57  4:43  Drone x3  
  62  4:49  Zergling x6  
  65  4:53  Spore Crawler  
  63  5:02  Zerg Ground Armor Level 1  
  63  5:03  Lair, Drone  
  63  5:05  Drone x2  
  66  5:09  Drone x3  
  66  5:11  Drone  
  70  5:16  Drone x3  
  70  5:17  Drone  
  72  5:21  Drone x3  
  72  5:22  Drone  
  71  5:28  Drone x2  
  71  5:36  Drone x4  
  71  5:38  Drone  
  76  5:43  Evolution Chamber  
  76  5:45  Overlord x2  
  76  5:48  Extractor  
  76  5:49  Extractor, Overlord  
  73  5:55  Extractor  
  73  5:56  Extractor  
  69  6:00  Drone x5  
  73  6:04  Drone  
  73  6:05  Drone  
  73  6:09  Hatchery  
  74  6:12  Zerg Missile Weapons Level 1  
  74  6:15  Infestation Pit  
  74  6:17  Drone x2  
  74  6:18  Drone x2  
  76  6:23  Drone  
  76  6:24  Drone x2  
  80  6:26  Glial Reconstitution  
  80  6:28  Roach  
  82  6:34  Roach x3  
  82  6:39  Overlord  
  92  6:40  Roach x2  
  92  6:43  Roach x2  
  92  6:46  Overlord  
  96  6:52  Overlord x2  
  96  6:53  Infestor  
  96  7:02  Ravager  
  96  7:05  Roach x4  
  106  7:09  Hatchery  
  106  7:13  Ravager  
  106  7:14  Infestor x2, Ravager  
  111  7:18  Drone x2  
  113  7:25  Drone x2  
  113  7:27  Roach x3  
  113  7:29  Overlord x2  
  121  7:34  Zerg Ground Armor Level 2  
  121  7:39  Burrow  
  121  7:55  Roach x2  
  121  7:56  Roach x6  
  137  8:03  Drone  
  137  8:04  Overlord x2  
  137  8:05  Extractor  
  136  8:09  Extractor  
  132  8:18  Overlord x3  
  132  8:19  Zerg Missile Weapons Level 2  
  132  8:26  Roach  
  150  8:27  Roach x8  
  150  8:33  Roach x2  
  150  8:34  Roach x4  
  159  8:36  Ravager  
  159  8:38  Overlord  
  160  8:43  Roach  
  160  8:44  Roach x5  
  172  8:57  Spore Crawler, Ravager x2  
  172  8:58  Ravager x2  
  172  8:59  Roach x2  
  178  9:09  Overlord  
  178  9:11  Ravager x3  
  181  9:26  Overlord  
  181  9:28  Hive  
  181  9:32  Spire  
  138  9:53  Roach x8  
  138  9:54  Roach x3  
  138  9:57  Drone x8  
  138  9:59  Drone  
  162  10:00  Drone x5  
  162  10:01  Queen  
  166  10:07  Ravager x2  
  166  10:08  Ravager  
  166  10:12  Drone x4  
  171  10:23  Roach  
  171  10:24  Roach x3  
  142  10:45  Roach x12  
  142  10:49  Infestor x2  
  158  10:55  Greater Spire  
  158  11:03  Drone x7  
  164  11:13  Drone x9  
  165  11:22  Drone x6  
  165  11:24  Infestor  
  173  11:34  Zerg Ground Armor Level 3  
  173  11:35  Zerg Missile Weapons Level 3  
  173  11:36  Ravager  
  173  11:37  Ravager x2  
  176  11:41  Corruptor  
  174  11:48  Ravager  
  167  11:57  Corruptor x4  
  171  12:13  Brood Lord  
  172  12:31  Brood Lord x4  
  180  12:43  Roach  
  180  12:44  Roach x8  
  179  13:06  Roach x5  
  185  13:14  Drone x7  
  185  13:15  Drone x7  
  197  13:24  Zerg Flyer Armor Level 1  
  191  13:27  Queen x2  
  191  13:31  Extractor  
  191  13:33  Spore Crawler  
  191  13:34  Spore Crawler  
  172  13:59  Infestor x3  
  172  14:10  Corruptor x3  
  172  14:11  Hatchery  
  177  14:20  Zerg Melee Weapons Level 1  
  121  14:39  Roach x5  
  121  14:40  Roach x4  
  115  14:45  Roach  
  115  14:46  Roach x2  
  113  14:54  Roach x3  
  119  15:00  Hatchery  
  118  15:09  Brood Lord x2  
  118  15:10  Ravager x2  
  118  15:12  Roach x2  
  128  15:17  Ravager x3  
  125  15:30  Roach  
  125  15:31  Roach x3  
  117  15:40  Roach  
  117  15:41  Roach x2  
  123  15:43  Infestor  
  123  15:48  Infestor  
  127  15:54  Roach  
  126  16:01  Infestor x2  
  130  16:08  Roach x2  
  109  16:38  Roach  
  109  16:39  Roach x8  
  105  16:46  Roach  
  103  16:47  Roach  
  103  17:07  Roach  
  103  17:08  Roach x5  
  115  17:10  Ravager  
  115  17:11  Ravager  
  115  17:12  Ravager x2  
  119  17:22  Roach x4  
  122  17:27  Ravager  
  122  17:28  Ravager  
  124  17:30  Roach x3  
  130  17:44  Roach x4  
  138  17:49  Roach x2  
Tags
 
Add a new tag
Caveats
  • Supply blocks, unpowered buildings, or Contaminate may cause inaccurate times.
  • Supply counts are checked every 10 seconds.